 Dungeon Crawl Stone Soup version 0.32-a0-675-gdc239d62e1 (webtiles) character file.

Game seed: 7855769041412307194

1737138 cforsyth the Conqueror (level 27, 261/261 (273) HPs)
             Began as a Mountain Dwarf Necromancer on Mar 11, 2024.
             Was the Champion of Kikubaaqudgha.
             Escaped with the Orb
             ... and 3 runes!
             The game lasted 04:22:54 (67973 turns).

cforsyth the Conqueror (MDNe)                      Turns: 67973, Time: 04:22:55

HP:   261/261 (273) AC: 52    Str: 25    XL:     27
MP:   37/37         EV:  7    Int: 29    God:    Kikubaaqudgha [******]
Gold: 6373          SH: 12    Dex:  7    Spells: 5/46 levels left

rFire   + . .        b - +9 broad axe of Classification {freeze, Will+ Str-3 SInv}
rCold   + + .        w - +0 kite shield {reflect}
rNeg    + . .        o - +8 gold dragon scales
rPois   +            A - +1 hat
rElec   +            i - +2 cloak of Evolution {rElec Int+5 Stlth-}
rCorr   .            d - +5 pair of gloves of Unbearable Freedom {rN+ Will+ Regen+ Dex-5}
SInv    +            X - +1 pair of boots "Put-Me-On" {rPois Dex+3}
Will    ++++.        j - amulet of Vitality {Regen++ RegenMP++} Stlth
                     Y - +4 ring of slaying
HPRegen 3.03/turn    r - ring of Jiyniu {rC+ Str+6 Int+2}
MPRegen 1.05/turn

%: reflection
@: studying 4 skills, lightly drained
A: runic magic, artefact enchanting, iridescent scales 1, mutation resistance 1,
strong 1
0: Orb of Zot
}: 3/15 runes: barnacled, silver, gossamer
a: Renounce Religion, Unearth Wretches, Torment


You escaped.
You worshipped Kikubaaqudgha.
Kikubaaqudgha was exalted by your worship.
You visited 11 branches of the dungeon, and saw 51 of its levels.
You visited the Abyss 1 time.
You also visited: Trove, Sewer, Ossuary and Wizlab.

You collected 10966 gold pieces.
You spent 4593 gold pieces at shops.


Innate Abilities, Weirdness & Mutations

Your spellcasting is much less encumbered by armour.
You can use scrolls of enchantment on lesser artefacts.
You are partially covered in iridescent scales. (AC +2)
You are somewhat resistant to further mutation.
Your muscles are strong. (Str +4, Int/Dex -1)


   Skills:
 O Level 27 Fighting
 + Level 23.9 Axes
 O Level 27 Armour
 - Level 1.3 Dodging
 - Level 1.4 Stealth
 - Level 15.0 Shields
 - Level 10.0 Spellcasting
 O Level 27 Necromancy
 - Level 10.0 Earth Magic
 - Level 12.0 Evocations


You had 5 spell levels left.
You knew the following spells:

 Your Spells              Type           Power      Damage    Failure   Level
a - Animate Dead          Necr           100%       N/A       0%          4
b - Borgnjor's Vile Clut  Necr/Erth      44%        N/A       1%          5
d - Death Channel         Necr           53%        N/A       1%          6
n - Dispel Undead         Necr           100%       3d31      0%          4
D - Death's Door          Necr           53%        N/A       14%         9
X - Necrotise             Necr           100%       1d9       0%          1
Y - Anguish               Hex/Necr       37%        N/A       1%          4
Z - Infestation           Necr           53%        N/A       1%          8

Your spell library contained the following spells:

 Spells                   Type           Power      Damage    Failure   Level
 Sublimation of Blood     Necr           100%       N/A       0%          2
 Fugue of the Fallen      Necr           100%       N/A       0%          3
 Vampiric Draining        Necr           100%       2d13      0%          3
 Curse of Agony           Necr           100%       N/A       0%          5
 Kiss of Death            Conj/Necr      100%       2d13      1%          1
 Sandblast                Erth           100%       2d20      1%          1
 Cigotuvi's Dreadful Rot  Necr/Alch/Air  100%       N/A       1%          2
 Passwall                 Erth           64%        N/A       1%          3
 Martyr's Knell           Necr/Summ      75%        N/A       1%          4
 Stone Arrow              Conj/Erth      86%        3d12      3%          3
 Apportation              Tloc           28%        N/A       9%          1
 Magic Dart               Conj           56%        1d5       9%          1
 Slow                     Hex            56%        N/A       9%          1
 Sting                    Conj/Alch      56%        1d6       9%          1
 Summon Small Mammal      Summ           56%        N/A       9%          1
 Animate Armour           Summ/Erth      86%        N/A       11%         4
 Brom's Barrelling Bould  Conj/Erth      43%        2d6       11%         4
 Leda's Liquefaction      Alch/Erth      21%        N/A       11%         4
 Blink                    Tloc           28%        N/A       13%         2
 Call Imp                 Summ           28%        N/A       13%         2
 Ensorcelled Hibernation  Hex/Ice        28%        N/A       13%         2
 Jinxbite                 Hex            28%        N/A       13%         2
 Lesser Beckoning         Tloc           28%        N/A       13%         2
 Mercury Vapours          Alch/Air       28%        N/A       13%         2
 Momentum Strike          Conj/Tloc      28%        3d8       13%         2
 Call Canine Familiar     Summ           14%        N/A       26%         3
 Confusing Touch          Hex            14%        N/A       26%         3
 Dazzling Flash           Conj/Hex       28%        N/A       26%         3
 Gell's Gravitas          Tloc           14%        N/A       26%         3
 Hailstorm                Conj/Ice       14%        3d6       26%         3
 Inner Flame              Hex/Fire       14%        N/A       26%         3
 Mephitic Cloud           Conj/Alch/Air  14%        N/A       26%         3
 Ozocubu's Armour         Ice            14%        N/A       26%         3
 Sigil of Binding         Hex            14%        N/A       26%         3
 Summon Ice Beast         Ice/Summ       14%        N/A       26%         3
 Swiftness                Air            14%        N/A       26%         3
 Teleport Other           Tloc           14%        N/A       26%         3
 Tukima's Dance           Hex            14%        N/A       26%         3
 Volatile Blastmotes      Fire/Tloc      28%        2d12      26%         3
 Cause Fear               Hex            7%         N/A       65%         4
 Dimensional Bullseye     Hex/Tloc       7%         N/A       65%         4
 Fulminant Prism          Conj/Alch      7%         3d7       65%         4
 Ignite Poison            Fire/Alch      14%        N/A       65%         4
 Iskenderun's Mystic Bla  Conj/Tloc      14%        2d5       65%         4
 Manifold Assault         Tloc           14%        N/A       65%         4
 Olgreb's Toxic Radiance  Alch           14%        N/A       65%         4
 Passage of Golubria      Tloc           14%        N/A       65%         4
 Summon Blazeheart Golem  Fire/Summ      14%        N/A       65%         4
 Vhi's Electric Charge    Tloc/Air       28%        N/A       65%         4
 Alistair's Intoxication  Alch           9%         N/A       94%         5
 Arcjolt                  Conj/Air       7%         1d17      94%         5
 Fireball                 Conj/Fire      7%         3d5       94%         5
 Freezing Cloud           Conj/Ice/Air   7%         6-21      94%         5
 Irradiate                Conj/Alch      7%         3d14      94%         5
 Iskenderun's Battlesphe  Conj           14%        2d7       94%         5
 Metabolic Englaciation   Hex/Ice        7%         N/A       94%         5
 Silence                  Hex/Air        7%         N/A       94%         5
 Summon Forest            Summ/Tloc      7%         N/A       94%         5
 Summon Mana Viper        Hex/Summ       14%        N/A       94%         5
 Yara's Violent Unravell  Hex/Alch       7%         3d5       94%         5
 Borgnjor's Revivificati  Necr           53%        N/A       1%          8
 Haunt                    Necr/Summ      37%        N/A       28%         7
 Bombard                  Conj/Erth      21%        9d4       86%         6
 Conjure Ball Lightning   Conj/Air       7%         3x3d6     100%        6
 Dispersal                Tloc           7%         N/A       100%        6
 Sculpt Simulacrum        Ice/Alch       7%         N/A       100%        6
 Summon Cactus Giant      Summ           7%         N/A       100%        6
 Enfeeble                 Hex            7%         N/A       100%        7
 Malign Gateway           Summ/Tloc      7%         N/A       100%        7
 Monstrous Menagerie      Summ           7%         N/A       100%        7
 Orb of Destruction       Conj           7%         9d6       100%        7
 Ozocubu's Refrigeration  Ice            7%         4d9       100%        7
 Spellforged Servitor     Conj/Summ      7%         N/A       100%        7
 Summon Hydra             Summ           7%         N/A       100%        7
 Discord                  Hex            7%         N/A       100%        8
 Disjunction              Tloc           7%         N/A       100%        8
 Ignition                 Fire           7%         3d4       100%        8
 Lehudib's Crystal Spear  Conj/Erth      21%        10d6      100%        8
 Maxwell's Capacitive Co  Air            7%         ∞         100%        8
 Polar Vortex             Ice            7%         N/A       100%        9

Inventory:

Hand Weapons
 a - a +9 broad axe of flaming
 b - the +9 broad axe of Classification (weapon) {freeze, Will+ Str-3 SInv}
   (You took it off a deep elf elementalist on level 3 of the Elven Halls)

   Str-3:     It affects your strength (-3).
   Will+:     It increases your willpower.
   SInv:      It lets you see invisible.
Armour
 d - the +5 pair of gloves of Unbearable Freedom (worn) {rN+ Will+ Regen+ Dex-5}
   (You acquired it on level 4 of the Dungeon)

   Dex-5:     It affects your dexterity (-5).
   rN+:       It protects you from negative energy.
   Will+:     It increases your willpower.
   Regen+:    It increases your rate of health regeneration.
 i - the +2 cloak of Evolution (worn) {rElec Int+5 Stlth-}
   (You found it on level 3 of the Shoals)

   Int+5:     It affects your intelligence (+5).
   rElec:     It insulates you from electricity.
   Stlth-:    It makes you less stealthy.
 o - +8 gold dragon scales (worn)
 w - a +0 kite shield of reflection (worn)
 A - a +1 hat (worn)
 X - the +1 pair of boots "Put-Me-On" (worn) {rPois Dex+3}
   (You found it on level 2 of the Lair of Beasts)

   Dex+3:     It affects your dexterity (+3).
   rPois:     It protects you from poison.
Jewellery
 j - the amulet of Vitality (around neck) {Regen++ RegenMP++}
   (You found it on level 13 of the Dungeon)

   [amulet of nothing]

   Regen++:   It increases your rate of health regeneration.
   RegenMP++: It increases your rate of magic regeneration.
 r - the ring of Jiyniu (right hand) {rC+ Str+6 Int+2}
   (You found it on level 3 of the Shoals)

   [ring of strength]

   Str+6:     It affects your strength (+6).
   Int+2:     It affects your intelligence (+2).
   rC+:       It protects you from cold.
 v - a ring of see invisible
 L - a ring of flight
 N - the ring of the Quick God {rN+ rCorr Stlth+}
   (You found it on level 3 of the Elven Halls)

   [ring of positive energy]

   rN+:       It protects you from negative energy.
   rCorr:     It protects you from acid and corrosion.
   Stlth+:    It makes you more stealthy.
 Y - a +4 ring of slaying (left hand)
Wands
 g - a wand of polymorph (11)
 C - a wand of warping (45)
 G - a wand of paralysis (66)
 H - a wand of mindburst (53)
 K - a wand of flame (94)
 S - a wand of digging (19)
 Z - a wand of acid (28)
Scrolls
 e - 11 scrolls of fog
 k - 8 scrolls of teleportation {@r2}
 l - 7 scrolls of poison
 p - 6 scrolls of revelation
 y - 6 scrolls of blinking
 F - 3 scrolls of torment
 I - 9 scrolls of immolation
 M - 3 scrolls of enchant weapon
 Q - 10 scrolls of fear
 R - a scroll of amnesia
 T - 3 scrolls of summoning
Potions
 c - 4 potions of berserk rage {!q}
 f - 5 potions of resistance
 h - 7 potions of enlightenment
 s - 7 potions of attraction
 u - 4 potions of haste {@q3}
 x - 6 potions of ambrosia
 z - 10 potions of heal wounds {@q2}
 B - 7 potions of magic
 D - 5 potions of mutation
 E - 5 potions of cancellation
 J - 9 potions of lignification
 O - 5 potions of might
 P - 7 potions of invisibility
 U - 18 potions of curing {@q1}
 W - 6 potions of brilliance
Miscellaneous
 m - a phial of floods
 n - a condenser vane
 q - a sack of spiders
 t - a lightning rod (4/4)
 V - a phantom mirror

Dungeon Overview and Level Annotations

Branches:
Dungeon (15/15)            Temple (1/1) D:4            Lair (5/5) D:8
 Shoals (4/4) Lair:2       Spider (4/4) Lair:2        Slime (0/5) Lair:5
    Orc (2/2) D:9             Elf (3/3) Orc:2        Vaults (5/5) D:13
  Crypt (3/3) Vaults:2       Tomb (0/3) Crypt:3      Depths (4/4) D:15
    Zot (5/5) Depths:4      Sewer (visited)         Ossuary (visited)
 WizLab (visited)

Altars:
Ashenzari
Cheibriados
Dithmenos
Elyvilon
Fedhas
Gozag
Hepliaklqana
Kikubaaqudgha
Makhleb
Nemelex Xobeh
Okawaru
Qazlal
Ru
Sif Muna
Trog
Uskayaw
Vehumet
Wu Jian
Xom
Yredelemnul
Zin
The Shining One
Beogh

Shops:
D:3 ?   Orc:1 (   Orc:2 [*:(   Elf:2 *   Elf:3 [   Shoals:2 *   Shoals:3 *
Vaults:1 [   Vaults:4 [(([   Vaults:5 !!!!!!   Depths:3 =   Depths:4 (

Portals:
Hell: Depths:1 Depths:2 Depths:3 Depths:4
Abyss: D:13 Depths:3 Depths:4
Pandemonium: Depths:2
Ziggurat: Depths:4

Annotations:
Zot:5 6 transporters

##..##..#####≈≈≈≈≈§§#####..##...#
#..##.### #≈≈≈.§§.§≈§≈# ###.###.#
#.##.## #.......§§.)# ##.##.#
#.##.# ######'###### #.##.#
..##.##### ###ß#ß'ß### #####.##.#
#.#.##≈..###.........###...##.#.#
#.#.#≈≈..##...........##....#.#.#
#.#.#≈...#'............#....#.#..
#...+≈.(('ß.....@...........'.###
#.#.#≈...##............#....#.# #
#.#.#≈≈..##...........##....#.#
..#.##≈..##..........###...##.#
.##........####ß'ß#### #####.##
.###.###########(###### #.#
..##.## #.....(.....# ##.#
..###.### #≈≈≈§...§≈§≈# ###.##
#..###..#####≈≈≈≈≈≈≈#####..##


There were no monsters in sight!


Message History

The sun demon is severely wounded.
You hit the sun demon. You freeze the sun demon. You barely miss the sun demon.
The sun demon hits you but does no damage.
You block the sun demon's attack.
The sun demon hits you but does no damage.
You slash the sun demon! You freeze the sun demon.
You kill the sun demon!
Kikubaaqudgha accepts your kill.
You slice the sun demon!! You freeze the sun demon.
You kill the sun demon!
Kikubaaqudgha accepts your kill.
You closely miss the sun demon. You chop the sun demon into pieces!!!
You freeze the sun demon.
You kill the sun demon!
Kikubaaqudgha accepts your kill.
You see here a +1 demon whip of freezing.
Unknown command.
You see here a +0 hand axe.
Aiming: Dig
Press: ? - help, Shift-Dir - straight line A rock wall.
This square is covered in magical glow.
The rock shatters into small pieces.
Aiming: Dig
Press: ? - help, Shift-Dir - straight line A rock wall.
This square is covered in magical glow.
The rock shatters into small pieces.
There is a staircase leading out of the dungeon here.
You have escaped!

Skill      XL: |  1  2  3  4  5  6  7  8  9 10 11 12 13 14 15 16 17 18 19 20 21 22 23 24 25 26 27 |
---------------+----------------------------------------------------------------------------------+-----
Fighting       | 1 2 3 4 5 6 8 9 10 11 12 13 14 15 16 17 18 19 21 23 24 25 26 27 | 27.0
Necromancy     | 5 6 7 8 9 10 11 12 13 14 15 16 17 18 19 20 21 22 24 25 27 | 27.0
Axes           | 1 2 3 4 6 8 9 11 12 13 14 15 16 17 18 19 23 | 23.9
Armour         | 1 2 3 4 5 7 9 10 11 12 13 14 15 16 17 18 20 21 22 23 25 26 27 | 27.0
Earth Magic    | 4 6 8 10 | 10.0
Evocations     | 4 8 10 11 12 | 12.0
Spellcasting   | 2 5 6 8 10 | 10.0
Shields        | 4 8 10 12 14 15 | 15.0
Dodging        | |  1.3
Stealth        | |  1.4

Action                     |  1- 3 |  4- 6 |  7- 9 | 10-12 | 13-15 | 16-18 | 19-21 | 22-24 | 25-27 || total
---------------------------+-------+-------+-------+-------+-------+-------+-------+-------+-------++-------
  Melee: Unarmed           |    51 |       |       |       |       |       |       |       |       ||    51
         Hand axe          |       |     7 |       |       |       |       |       |       |       ||     7
         War axe           |       |   134 |   339 |   743 |   503 |   706 |       |       |       ||  2425
         Broad axe         |       |       |       |       |   667 |   449 |   874 |  1305 |  1471 ||  4766
   Cast: Necrotise         |    81 |    20 |    51 |    55 |    10 |     3 |       |     4 |       ||   224
         Animate Dead      |       |       |     2 |    14 |    26 |    18 |    13 |    24 |    14 ||   111
         Borgnjor's Vile C |       |       |       |    15 |    81 |    74 |    33 |    15 |    42 ||   260
         Death Channel     |       |       |       |       |       |     7 |    15 |    18 |    10 ||    50
         Dispel Undead     |       |       |       |       |       |       |       |   283 |    28 ||   311
         Infestation       |       |       |       |       |       |       |       |       |    47 ||    47
 Invoke: Receive Forbidden |       |       |       |       |     1 |       |       |       |       ||     1
  Evoke: Wand              |       |       |       |     8 |     1 |     1 |       |     2 |     5 ||    17
         Phantom mirror    |       |       |       |       |     1 |       |       |     1 |       ||     2
         Lightning rod     |       |       |       |       |       |     4 |       |       |       ||     4
    Use: Scroll            |       |     6 |    10 |     8 |    13 |    11 |    15 |     9 |    10 ||    82
         Potion            |       |     2 |       |     4 |     5 |     4 |     1 |    10 |    13 ||    39
   Stab: Paralysed         |       |       |       |    19 |       |       |       |       |       ||    19
         Distracted        |       |       |       |     5 |    22 |    18 |    10 |    16 |    12 ||    83
 Armour: Robe              |    49 |    16 |       |       |       |       |       |       |       ||    65
         Chain mail        |       |   144 |   326 |   219 |       |       |       |       |       ||   689
         Scale mail        |       |       |       |   659 |  1555 |  1749 |   333 |       |       ||  4296
         Plate armour      |       |       |       |    79 |       |       |       |       |       ||    79
         Gold dragon scale |       |       |       |       |       |       |   748 |  1758 |  2038 ||  4544
  Dodge: Dodged            |    54 |    62 |   102 |   360 |   582 |   702 |   239 |   305 |   356 ||  2762
  Block: Kite shield       |       |       |       |       |       |       |   331 |   719 |   811 ||  1861
         Reflection        |       |       |       |       |       |       |    37 |    19 |    13 ||    69

Levels and vault maps discovered:
D:1:      dpeg_arrival_morbid_curiosity, layout_rooms,
          shapermc_ecumenical_altar_mp_urbaneastern, nrook_campfire
D:2:      layout_loops_ring
D:3:      layout_loops_ring, serial_shops, nicolae_diamond_shop, uniq_robin
D:4:      layout_basic, minmay_temple_entry_statues_fountains,
          cheibrodos_sewer_entry_bend, enter_ossuary_5
D:5:      layout_rooms, chequers_temple_overflow_minitemple
D:6:      layout_basic, yredelemnul_forgotten_temple_becter,
          nicolae_benzene_ring
D:7:      layout_gridville, nicolae_gozag_seed_capital,
          mainiacjoe_overflow_surrounded_room, hangedman_feature_mirror
D:8:      layout_rooms, marbit_many_paths, fedhas_altar_1, lemuel_crystal_altar,
          erik_lair_island, serial_corexii_hall, chequers_hall_statues_y,
          corexii_hall_statues_u, nicolae_transporter_circle, uniq_gastronok
D:9:      layout_roguey, mainiacjoe_overflow_concentric_impassable,
          led_sif_book, erik_orc_1, nzn_ghost_randoct, serial_bayou_pond_e,
          hex_tiny
D:10:     layout_roguey, okawaru_metal_pillars_1_2, nicolae_trove_entry_crystal,
          minivault_22, guppyfry_early_elven_hall, uniq_lodul, uniq_nergalle,
          uniq_grum
D:11:     layout_rooms, minmay_fire_ice_demons, uniq_fannar, uniq_psyche,
          uniq_maurice
D:12:     cheibrodos_hippocracy, layout_basic, ebering_ghost_funeral_grove
D:13:     layout_layer_cave, grunt_vaults_entry_tiered,
          gammafunk_ghost_abyssal_escape, worms_lemuel
D:14:     layout_roguey, roderic_st_hans_cross, minmay_stone_trees_medium,
          chequers_serial_rivers_room_a
D:15:     hangedman_depths_entry_try_elsewhere_first, layout_irregular_city,
          nicolae_tso_swordbearing_angel
Temple:   nicolae_temple_ecumenical_triangle
Lair:1:   layout_cave_shapes, serial_bayou_shore_b, wad_woods_river_01,
          serial_bayou_shore_a
Lair:2:   layout_hall_layers, elwin_shoals_entry_rocks,
          spider_nest_entry_funnel_web
Lair:3:   layout_gridlike, pdpol_lair_neglected_garden
Lair:4:   layout_long_grid, grunt_megastairs_1
Lair:5:   evilmike_catoblepas_cave, layout_hall_layers, slime_entry_1,
          grunt_forest_small_clearing_treed
Shoals:1: layout_shoals, nicolae_tricolors
Shoals:2: layout_shoals, serial_shops, shop, hangedman_shoal_volcano
Shoals:3: gammafunk_sealed_arena, layout_shoals, ebering_ghost_davey_jones,
          minmay_shop_mayhem
Shoals:4: shoals_end_hellmonk_lost_city
Spider:1: layout_spider_delve, uniq_kirke
Spider:2: layout_spider_delve, uniq_aizul, uniq_arachne
Spider:3: layout_spider_delve
Spider:4: floodkiller_spider_rune_tomb, uniq_donald
Orc:1:    layout_caves, serial_shops, shop_fountains, nooodl_orcs_dogs,
          uniq_erica, uniq_jorgrun
Orc:2:    grunt_orc_cross, layout_caves, gammafunk_ghost_stat_death
Elf:1:    layout_geoelf_diagonals, minmay_elf_sorcery, grunt_megastairs_5
Elf:2:    nicolae_elf_blades_crystal_corner, layout_loops_corners, serial_shops,
          nicolae_shop_waterfront, serial_sigils, serial_sigils_hangedman_gut,
          serial_sigils_hangedman_gnaw, serial_sigils_hangedman_shear,
          uniq_nikola
Elf:3:    elf_hall, layout_geoelf_octagon, serial_shops, nicolae_shop_peninsula
Vaults:1: nicolae_vaults_network_star, nicolae_vaults_what_the_h,
          nicolae_vaults_tetromino_T_2, hangedman_vaults_nails,
          nicolae_vaults_trapezoid_4, nicolae_vaults_ninety_degrees,
          nicolae_vaults_heart-shaped_vault, v_misc_28, vaults_room_octagon,
          nicolae_vaults_specimen_jars, layout_vaults_omnicross, serial_shops,
          shop
Vaults:2: mu_enter_wizlab_3, ontoclasm_vaults_shout, ontoclasm_vaults_hangar,
          minmay_crypt_entry_necro_gods, vaults_mumra_lcd,
          nicolae_vaults_tetromino_L_2, v_alt_pattern_3,
          nicolae_vaults_storage_room_glass, nicolae_vaults_storage_closets_2,
          v_misc_8, v_misc_11, v_misc_16, v_alt_pattern_1,
          nicolae_vaults_more_shelving_2, vaults_dpeg_encased_lava,
          vaults_room_fancy_cross, lightli_orcish_oven, dpeg_vaults_monster_row,
          layout_vaults_maze_bifur, uniq_frederick
Vaults:3: vaults_room_large_hall, ontoclasm_vaults_claustrophobia,
          sword_in_stone, nicolae_vaults_bisected_exclaves,
          nicolae_vaults_sesquioval_fish, nicolae_vaults_layer_cake_slice,
          serial_library_hellmonk_narrow_alcove, nicolae_vaults_house_1,
          layout_vaults_chaotic_city
Vaults:4: vaults_room_stairs_pillars, v_misc_4, nicolae_vaults_mitosis,
          nicolae_vaults_house_2, vaults_standard_mumra_x, v_misc_11,
          vaults_standard_mumra_lines, v_misc_2, vaults_mumra_chevron,
          v_alt_pattern_3, nicolae_vaults_double_plus_1,
          nicolae_vaults_security_offices_2, layout_vaults_omnigrid,
          serial_shops, nicolae_shop_real_fake_doors, shop, shop, shop
Vaults:5
Crypt:1:  minmay_guarded_unrand_majin_bo, layout_gridlike,
          roderic_lattice_octagonal_star
Crypt:2:  layout_rooms, nicolae_crypt_fancy_cubbyholes, uniq_vv
Crypt:3:  due_elkab, layout_chaotic_city, corexii_leaking_fountain
Depths:1: layout_cave_shapes, lightli_too_deep, grunt_ministairs_5,
          ebering_dispersal_statue_hall, grunt_tough_drop
Depths:2: regret_index_infernal_bastille, layout_honeycomb,
          rand_demon_pan_entry_5, hell_entry, serial_rivers,
          chequers_serial_rivers_micro_a, chequers_serial_rivers_room_a,
          chequers_serial_rivers_marsh, chequers_serial_rivers_micro_c,
          chequers_serial_rivers_micro_d, makhleb_altar_promises_db
Depths:3: evilmike_halls_of_destruction, layout_gridlike,
          nicolae_abyss_entry_one_way_or_another, pf_hell_entry_great_geh,
          serial_shops, shop, grunt_ministairs_11, infiniplex_staircase_pool_2
Depths:4: lemuel_castle_with_subvaults [lemuel_castle_interior_carwin_3],
          layout_gridville, enter_ziggurat_d, serial_shops, shop,
          nicolae_ru_path_of_blood, abyss_entry, hangedman_coc_ice_floe,
          drop_trap
Zot:1:    regret_index_zot_pan_timeshare, layout_gridlike,
          lemuel_baited_zot_trap
Zot:2:    layout_basic, zot_minivault_4, regret_index_zotdec_twisting_globes,
          uniq_josephina
Zot:3:    layout_cathedral_of_symmetry
Zot:4:    layout_concentric_octagons, grunt_ministairs_5
Zot:5:    layout_misc_corridors, grunt_ministairs_3, serial_nicolae_subway,
          nicolae_sub_station_crystal, nicolae_sub_station_metal,
          nicolae_sub_station_stone

Notes
Turn   | Place    | Note
-------+----------+-------------------------------------------
     0 | D:1      | cforsyth the Mountain Dwarf Necromancer began the quest for
                  | the Orb.
     0 | D:1      | Reached XP level 1. HP: 14/14 MP: 3/3
   124 | D:1      | Reached skill level 1 in Fighting
   197 | D:1      | Reached XP level 2. HP: 18/23 MP: 0/4
   631 | D:1      | Reached skill level 2 in Fighting
   633 | D:1      | Reached skill level 5 in Necromancy
   633 | D:1      | Reached XP level 3. HP: 29/29 MP: 1/5
   979 | D:1      | Found a faded altar of an unknown god.
  1340 | D:2      | Reached XP level 4. HP: 37/37 MP: 3/6
  1347 | D:2      | Identified a potion of resistance
  1350 | D:2      | Reached skill level 1 in Axes
  1354 | D:2      | HP: 2/37 [poisoned by an adder]
  1355 | D:2      | Reached skill level 1 in Armour
  2186 | D:3      | You fall into a shaft and drop 1 floor!
  2187 | D:4      | Identified a scroll of acquirement
  2187 | D:4      | Acquired the +5 pair of gloves of Unbearable Freedom {rN+
                  | Will+ Regen+ Dex-5}
  2218 | D:4      | Reached skill level 3 in Fighting
  2218 | D:4      | Reached XP level 5. HP: 45/45 MP: 7/7
  2234 | D:4      | Reached skill level 2 in Axes
  2253 | D:4      | Found a sand-covered staircase.
  2258 | Ossuary  | Entered an ossuary
  2290 | Ossuary  | Reached skill level 2 in Armour
  2320 | Ossuary  | Reached XP level 6. HP: 51/51 MP: 8/8
  2410 | Ossuary  | Reached skill level 6 in Necromancy
  2435 | Ossuary  | Reached skill level 3 in Axes
  2439 | Ossuary  | Reached skill level 4 in Fighting
  2465 | Ossuary  | Reached skill level 3 in Armour
  2563 | D:4      | Reached XP level 7. HP: 51/59 MP: 9/9
  2604 | D:4      | Found a glowing drain.
  2613 | Sewer    | Entered a sewer
  2670 | Sewer    | Learned a level 4 spell: Animate Dead
  3048 | D:4      | Reached skill level 4 in Axes
  3048 | D:4      | Found a staircase to the Ecumenical Temple.
  3335 | D:3      | Got the Directory of the Entourage
  3501 | D:3      | Found Kener's Magic Scroll Shoppe.
  3510 | D:3      | Bought a scroll of blinking for 105 gold pieces
  3510 | D:3      | Bought a scroll of identify for 28 gold pieces
  3532 | D:3      | Noticed Robin
  3551 | D:3      | Killed Robin
  3741 | D:5      | Entered Level 5 of the Dungeon
  3862 | D:5      | Reached skill level 5 in Fighting
  3862 | D:5      | Reached skill level 4 in Armour
  3912 | D:5      | Reached skill level 7 in Necromancy
  3915 | D:5      | Reached XP level 8. HP: 55/68 MP: 10/10
  3959 | D:5      | Reached skill level 5 in Axes
  4097 | D:5      | Found a faded altar of an unknown god.
  4097 | D:5      | Found a sacrificial altar of Ru.
  4105 | D:5      | Found a radiant altar of Vehumet.
  4162 | Temple   | Entered the Ecumenical Temple
  4167 | Temple   | Became a worshipper of Kikubaaqudgha
  4333 | D:5      | Found a faded altar of an unknown god.
  4335 | D:5      | Found a hide-covered altar of Uskayaw.
  4439 | D:6      | Found a basalt altar of Yredelemnul.
  4530 | D:6      | Reached skill level 5 in Armour
  4641 | D:6      | Identified the staff of Hepliaklqana's Grace {rPois rC+
                  | Int+3 Ice}
  4692 | D:6      | Reached skill level 6 in Fighting
  4846 | D:6      | Reached skill level 6 in Axes
  5177 | D:6      | Reached skill level 8 in Necromancy
  5185 | D:6      | Reached XP level 9. HP: 54/78 MP: 11/11
  5195 | D:6      | Reached skill level 6 in Armour
  5208 | D:6      | Reached skill level 7 in Fighting
  5208 | D:6      | Reached skill level 7 in Axes
  5364 | D:7      | Found a snail-covered altar of Cheibriados.
  5424 | D:7      | Reached * piety under Kikubaaqudgha
  5424 | D:7      | Received a gift from Kikubaaqudgha
  5653 | D:7      | Reached skill level 7 in Armour
  5664 | D:7      | Reached skill level 9 in Necromancy
  5698 | D:7      | Found an opulent altar of Gozag.
  5898 | D:7      | Found an ornate altar of the Wu Jian Council.
  5928 | D:7      | Reached skill level 8 in Axes
  5935 | D:7      | Found a white marble altar of Elyvilon.
  6104 | D:7      | Noticed a two-headed ogre
  6116 | D:7      | Killed a two-headed ogre
  6117 | D:7      | Reached skill level 8 in Fighting
  6117 | D:7      | Reached XP level 10. HP: 74/88 MP: 12/12
  6389 | D:8      | Noticed Gastronok
  6608 | D:8      | Killed Gastronok
  6609 | D:8      | Reached skill level 9 in Axes
  6609 | D:8      | Reached skill level 8 in Armour
  6668 | D:8      | Found a transporter.
  6670 | D:8      | Found a transporter.
  6690 | D:8      | Found a transporter.
  6761 | D:8      | Found a staircase to the Lair.
  6781 | D:8      | Reached skill level 10 in Necromancy
  6859 | D:8      | Reached ** piety under Kikubaaqudgha
  6860 | D:8      | Reached skill level 9 in Fighting
  7050 | D:8      | Found a blossoming altar of Fedhas.
  7077 | D:8      | Identified a +2 robe of resistance
  7131 | D:8      | Found a burning altar of Makhleb.
  7159 | D:8      | Found a hazy altar of Hepliaklqana.
  7326 | D:8      | Found a transporter.
  7413 | D:9      | Found a transporter.
  7426 | D:9      | Noticed ezpacito's ghost (journeyman CoCK)
  7428 | D:9      | Noticed a deep elf pyromancer
  7433 | D:9      | Noticed a centaur warrior
  7518 | D:9      | Found a shimmering blue altar of Sif Muna.
  7540 | D:9      | Got Sif Muna's Lectures on Fate
  7751 | D:9      | Noticed a two-headed ogre
  7768 | D:9      | Killed a two-headed ogre
  7769 | D:9      | Reached skill level 9 in Armour
  7784 | D:8      | Reached XP level 11. HP: 56/97 MP: 13/13
  7986 | D:9      | Found a staircase to the Orcish Mines.
  8008 | D:9      | Reached skill level 10 in Axes
  8118 | D:9      | Found a glowing golden altar of the Shining One.
  8186 | D:9      | Found a transporter.
  8187 | D:9      | Noticed a two-headed ogre
  8195 | D:9      | Killed a two-headed ogre
  8313 | D:10     | Entered Level 10 of the Dungeon
  8314 | D:10     | Acquired the +7 Kryia's mail coat {PotionHeal*2 rC+}
  8314 | D:10     | Found the +7 Kryia's mail coat {PotionHeal*2 rC+}
  8419 | D:10     | Found a portal to a secret trove of treasure.
  8455 | D:10     | Noticed Lodul
  8488 | D:10     | Reached *** piety under Kikubaaqudgha
  8488 | D:10     | Received a gift from Kikubaaqudgha
  8495 | D:10     | Killed Lodul
  8496 | D:10     | Reached skill level 1 in Earth Magic
  8790 | D:10     | Noticed a two-headed ogre
  8810 | D:10     | Killed a two-headed ogre
  8811 | D:10     | Reached skill level 10 in Fighting
  8811 | D:10     | Reached skill level 11 in Necromancy
  8811 | D:10     | Reached skill level 2 in Earth Magic
  8848 | D:10     | Noticed Grum
  8890 | D:10     | Killed Grum
  8993 | D:10     | Noticed Nergalle
  9008 | D:10     | Killed Nergalle
  9062 | D:10     | Found an iron altar of Okawaru.
  9094 | D:10     | Noticed a deep elf pyromancer
  9132 | D:10     | Killed a deep elf pyromancer
  9391 | D:11     | Noticed a boulder beetle
  9513 | D:11     | Noticed Psyche
  9531 | D:10     | Killed a boulder beetle
  9532 | D:10     | Reached skill level 10 in Armour
  9532 | D:10     | Reached skill level 3 in Earth Magic
  9603 | D:11     | Noticed Maurice
  9690 | D:10     | Learned a level 5 spell: Borgnjor's Vile Clutch
  9795 | D:11     | Maurice stole a ring of see invisible
  9797 | D:11     | Maurice stole the staff of Hepliaklqana's Grace {rPois rC+
                  | Int+3 Ice, !a}
  9834 | D:10     | Reached skill level 11 in Axes
  9919 | D:11     | Killed Psyche
  9951 | D:11     | Maurice stole 742 gold
  9953 | D:11     | Maurice stole 95 gold
  9956 | D:11     | Killed Maurice
 10086 | D:11     | Noticed a green ugly thing
 10094 | D:11     | Killed a green ugly thing
 10095 | D:11     | Reached skill level 4 in Earth Magic
 10180 | D:11     | Reached XP level 12. HP: 38/108 MP: 14/14
 10270 | D:11     | Noticed Fannar
 10326 | D:11     | Killed Fannar
 10584 | D:12     | Found a runed translucent door.
 10585 | D:12     | Identified the +5 trident "Cevuttack" {spect, rElec rC+
                  | Int-4}
 10665 | D:12     | Noticed a demonic crawler
 10682 | D:12     | Noticed hattop's ghost (novice DrSh)
 10748 | D:12     | Noticed a demonic crawler
 10766 | D:12     | Killed a demonic crawler
 11178 | D:12     | Reached skill level 11 in Fighting
 11239 | D:12     | Killed a demonic crawler
 11239 | D:12     | Reached **** piety under Kikubaaqudgha
 11240 | D:12     | Reached skill level 5 in Earth Magic
 11326 | D:12     | Reached skill level 12 in Necromancy
 11517 | D:12     | Noticed a demonic crawler
 11519 | D:12     | Noticed a boulder beetle
 11665 | Lair:1   | Entered Level 1 of the Lair of Beasts
 11684 | D:8      | Reached skill level 11 in Armour
 11744 | Lair:1   | Reached skill level 12 in Axes
 11836 | Lair:1   | Reached skill level 6 in Earth Magic
 12515 | Lair:2   | Noticed a six-headed hydra
 12717 | Lair:2   | Acquired cforsyth's Vellum of Blasphemous Magic and
                  | Summoning
 12719 | Lair:2   | Acquired 845 gold pieces
 12772 | Lair:2   | Found a staircase to the Shoals.
 12843 | Lair:2   | Identified the +0 pair of boots "Put-Me-On" {rPois Dex+3}
 13000 | Lair:2   | Found a hole to the Spider Nest.
 13105 | Lair:2   | Killed a six-headed hydra
 13245 | Lair:2   | Reached ***** piety under Kikubaaqudgha
 13337 | Lair:2   | Reached XP level 13. HP: 98/117 MP: 15/15
 14267 | Lair:4   | Reached skill level 12 in Fighting
 14318 | Lair:4   | Reached skill level 7 in Earth Magic
 14568 | Lair:4   | Reached skill level 13 in Necromancy
 14569 | Lair:4   | Reached skill level 12 in Armour
 14573 | Lair:4   | Reached skill level 13 in Axes
 15083 | Lair:5   | Entered Level 5 of the Lair of Beasts
 15168 | Lair:5   | Reached skill level 8 in Earth Magic
 15468 | Lair:5   | Found a staircase to the Slime Pits.
 15667 | Lair:5   | Reached XP level 14. HP: 118/127 MP: 16/16
 15671 | Lair:5   | Reached skill level 13 in Fighting
 16097 | Lair:5   | Reached skill level 9 in Earth Magic
 16105 | Lair:5   | Reached skill level 14 in Axes
 16108 | Lair:5   | Reached skill level 13 in Armour
 16274 | Lair:5   | Reached skill level 14 in Necromancy
 16538 | Orc:1    | Entered Level 1 of the Orcish Mines
 16538 | Orc:1    | Noticed Jorgrun
 16538 | Orc:1    | Found Orua's Weapon Boutique.
 16553 | D:9      | Killed Jorgrun
 16568 | Orc:1    | Reached ****** piety under Kikubaaqudgha
 16879 | Orc:1    | Noticed Erica
 16890 | Orc:1    | Killed Erica
 17099 | Orc:2    | Entered Level 2 of the Orcish Mines
 17425 | D:3      | Bought a scroll of teleportation for 42 gold pieces
 17425 | D:3      | Bought a scroll of blinking for 105 gold pieces
 17425 | D:3      | Bought a scroll of fear for 56 gold pieces
 17425 | D:3      | Bought a scroll of revelation for 105 gold pieces
 17590 | D:10     | You paid a toll of 4 scrolls of fear to enter a treasure
                  | trove
 17591 | Trove    | Entered a treasure trove
 17645 | Trove    | Learned a level 4 spell: Dispel Undead
 17645 | Trove    | Received a gift from Kikubaaqudgha (forbidden knowledge)
 17879 | D:9      | Killed ezpacito's ghost
 17886 | D:9      | Reached skill level 1 in Evocations
 17893 | D:9      | Reached skill level 2 in Spellcasting
 18139 | D:12     | Reached skill level 2 in Evocations
 18431 | D:12     | Reached skill level 10 in Earth Magic
 18487 | D:12     | Got Sif Muna's Incunable of the Impure Tundra
 18673 | Orc:2    | Found a staircase to the Elven Halls.
 18785 | Orc:2    | Noticed an orc warlord
 18862 | Orc:2    | Reached skill level 3 in Evocations
 19214 | Orc:2    | Identified a +0 robe of resistance
 19483 | Orc:2    | Reached skill level 4 in Evocations
 19689 | Orc:2    | Reached XP level 15. HP: 137/137 MP: 19/19
 19712 | Orc:2    | Found a roughly hewn altar of Beogh.
 19740 | Orc:2    | Reached skill level 14 in Fighting
 19740 | Orc:2    | Reached skill level 3 in Spellcasting
 19889 | Orc:2    | Found Lenicrow's Antique Armour Shoppe.
 20113 | Orc:2    | Bought a pair of jewelled gloves for 247 gold pieces
 20113 | Orc:2    | Identified the +1 pair of gloves of Stoicism {rN++} (You
                  | bought it in a shop on level 2 of the Orcish Mines)
 20115 | Orc:2    | Bought a transparent scale mail for 234 gold pieces
 20115 | Orc:2    | Identified the +1 scale mail of Zin's Pride {rC++ Dex+5}
                  | (You bought it in a shop on level 2 of the Orcish Mines)
 20268 | Orc:2    | Found a transporter.
 20274 | Orc:2    | Noticed olddryhag's ghost (journeyman MDMo)
 20394 | Orc:2    | Found Ecvazxio's Book Shoppe.
 20409 | Orc:2    | Found Rasicic's Antique Weapon Shoppe.
 20465 | Orc:2    | Found Goahuyll's General Store.
 20471 | Orc:2    | Bought a scroll of acquirement for 520 gold pieces
 20471 | Orc:2    | Bought a potion of mutation for 80 gold pieces
 20479 | Orc:2    | Acquired 634 gold pieces
 20501 | Orc:2    | Found a transporter.
 21102 | D:13     | Reached skill level 5 in Evocations
 21106 | D:13     | Reached skill level 15 in Axes
 21205 | D:13     | Found the amulet of Vitality {Regen++ RegenMP++}
 21425 | D:13     | Reached skill level 14 in Armour
 21445 | D:13     | Found a gate to the Vaults.
 21454 | D:13     | Reached skill level 6 in Evocations
 21516 | D:13     | Found a transporter.
 21517 | D:13     | Found a one-way gate to the infinite horrors of the Abyss.
 21517 | D:13     | Noticed Fractals's ghost (journeyman MiFi)
 21518 | D:13     | Found a transporter.
 22017 | D:13     | Reached skill level 4 in Spellcasting
 22228 | D:13     | You are cast into the Abyss!
 22228 | Abyss:1  | Cast into level 1 of the Abyss (orc knight)
 22388 | Abyss:1  | Found a corrupted altar of Lugonu.
 22445 | Abyss:1  | Noticed a bone dragon
 22745 | Abyss:1  | Reached skill level 15 in Necromancy
 22756 | Abyss:1  | Reached skill level 7 in Evocations
 22766 | Abyss:1  | Noticed a tentacled starspawn
 22812 | Abyss:1  | Killed a tentacled starspawn
 23014 | Abyss:1  | HP: 3/139 [reaper/+2 scythe of protection (14)]
 23019 | Abyss:1  | Noticed an Executioner
 23057 | Abyss:1  | HP: 10/139 [reaper/+2 scythe of protection (15)]
 23073 | D:13     | You pass through the gate.
 23073 | D:13     | Escaped the Abyss
 23197 | D:14     | Reached skill level 8 in Evocations
 23237 | D:14     | Identified the +1 ring mail of Starshine {+Blink rCorr
                  | Int-5 SInv}
 23607 | D:14     | Identified the +10 orcbow of Hon Jiva {heavy, rPois rN+
                  | Str+3 Stlth-}
 23745 | D:15     | Entered Level 15 of the Dungeon
 23888 | D:15     | Reached skill level 5 in Spellcasting
 23977 | D:15     | Found a staircase to the Depths.
 23993 | D:15     | Reached XP level 16. HP: 74/147 MP: 23/23
 24311 | D:15     | Found a glowing golden altar of the Shining One.
 24540 | D:15     | Reached skill level 9 in Evocations
 24545 | D:15     | Reached skill level 15 in Fighting
 24834 | Spider:1 | Entered Level 1 of the Spider Nest
 24944 | Spider:1 | Reached skill level 16 in Axes
 24954 | Spider:1 | Noticed Kirke
 24962 | Spider:1 | Killed Kirke
 25110 | Spider:1 | Identified the +1 pair of boots "Dafiras" {Harm Will++}
 25527 | Spider:2 | Reached skill level 15 in Armour
 25530 | Spider:2 | Noticed Arachne
 25540 | Spider:2 | Killed Arachne
 25541 | Spider:2 | Reached skill level 10 in Evocations
 25639 | Spider:2 | Identified the serpent talisman of Articulation {rN++}
 25639 | Spider:2 | Noticed Aizul
 25650 | Spider:2 | Killed Aizul
 25691 | Spider:2 | You fall into a shaft and drop 1 floor!
 25766 | Spider:3 | Reached skill level 6 in Spellcasting
 26550 | Spider:2 | Reached skill level 16 in Necromancy
 27300 | Spider:3 | Reached XP level 17. HP: 81/158 MP: 27/27
 27832 | Spider:4 | Entered Level 4 of the Spider Nest
 28409 | Spider:4 | Reached skill level 17 in Axes
 28435 | Spider:4 | Reached skill level 7 in Spellcasting
 28587 | Spider:4 | Reached skill level 16 in Fighting
 29185 | Spider:4 | Noticed Donald
 29243 | Spider:4 | Killed Donald
 29276 | Spider:4 | Reached skill level 16 in Armour
 29299 | Spider:4 | Reached skill level 1 in Shields
 29534 | Spider:4 | Reached skill level 2 in Shields
 30151 | Spider:4 | Identified the +0 pair of gloves "Eqiu" {Will++}
 30153 | Spider:4 | Got a gossamer rune of Zot
 30543 | Shoals:1 | Entered Level 1 of the Shoals
 30577 | Shoals:1 | Reached skill level 3 in Shields
 31160 | Shoals:2 | Learned a level 6 spell: Death Channel
 31165 | Shoals:2 | Learned a level 4 spell: Anguish
 31228 | Shoals:2 | Found Siostrigoba's General Store.
 31342 | Shoals:2 | Bought a scroll of enchant armour for 142 gold pieces
 31501 | Shoals:2 | Reached skill level 4 in Shields
 31691 | Shoals:3 | Identified the +9 flail of Eternal Harmony {protect, rElec
                  | SInv}
 31706 | Shoals:3 | Reached skill level 8 in Spellcasting
 31709 | Shoals:3 | Reached skill level 17 in Necromancy
 31714 | Shoals:3 | Acquired a +3 broad axe of flaming
 31823 | Shoals:3 | Reached XP level 18. HP: 168/168 MP: 30/30
 31857 | Shoals:3 | Got the Treatise on Silt and the Swarm
 31908 | Shoals:3 | Found a transporter.
 31942 | Shoals:3 | Found a transporter.
 31982 | Shoals:3 | Found a transporter.
 31984 | Shoals:3 | Found a transporter.
 31984 | Shoals:3 | Found the +0 cloak of the Thief {Quiet Slay-3 SInv Stlth+}
 31985 | Shoals:3 | Noticed Mungiw's ghost (adept MiBe)
 32054 | Shoals:3 | Found Ribleg's Mayhem Merchandise.
 32661 | Shoals:4 | Entered Level 4 of the Shoals
 32718 | Shoals:4 | Reached skill level 18 in Axes
 32723 | Shoals:4 | Reached skill level 5 in Shields
 32906 | Shoals:4 | Reached skill level 17 in Fighting
 33468 | Shoals:4 | Reached skill level 6 in Shields
 33481 | Shoals:4 | Identified the +0 ring mail of Qazlal's Envy {rElec rF-
                  | Dex+3}
 33492 | Shoals:4 | Reached skill level 17 in Armour
 33605 | Shoals:4 | Got a barnacled rune of Zot
 34241 | Shoals:3 | Killed Mungiw's ghost
 34301 | Shoals:3 | Got Etolonug's Secrets of Angular Ice
 34302 | Shoals:3 | Identified the ring of Jiyniu {rC+ Str+6 Int+2}
 34485 | Shoals:3 | Identified the +0 cloak of Evolution {rElec Int+5 Stlth-}
 34502 | Shoals:3 | Identified the +8 mace "Xyfror" {freeze, rF+}
 34736 | Vaults:1 | Entered Level 1 of the Vaults
 34783 | Vaults:1 | Reached skill level 7 in Shields
 35074 | Vaults:1 | Reached skill level 18 in Necromancy
 35172 | Vaults:1 | Reached skill level 8 in Shields
 35270 | Vaults:1 | Reached XP level 19. HP: 161/179 MP: 31/31
 35420 | Vaults:1 | Found Qugol's Armour Boutique.
 35510 | Vaults:1 | Reached skill level 18 in Fighting
 36066 | Vaults:2 | Reached skill level 18 in Armour
 36106 | Vaults:2 | Found a magical portal.
 36115 | WizLab   | Entered Wucad Mu's Monastery
 36281 | WizLab   | Found the crystal ball of Wucad Mu {*channel}
 36302 | WizLab   | Reached skill level 9 in Shields
 36312 | WizLab   | Identified a potion of experience
 36449 | WizLab   | Reached skill level 10 in Shields
 36449 | WizLab   | Reached XP level 20. HP: 188/188 MP: 32/32
 37325 | Vaults:2 | Noticed a golden dragon
 37369 | Vaults:2 | Killed a golden dragon
 37430 | Vaults:2 | You fall into a shaft and drop 1 floor!
 37475 | Vaults:2 | Reached skill level 11 in Shields
 37497 | Vaults:2 | Found a staircase to the Crypt.
 37497 | Vaults:2 | Found a basalt altar of Yredelemnul.
 37497 | Vaults:2 | Identified the orb "Bockozuomo" {light, -Tele rElec rN+
                  | Str+5}
 37497 | Vaults:2 | Noticed Frederick
 37498 | Vaults:2 | Found an ancient bone altar of Kikubaaqudgha.
 37506 | Vaults:2 | Killed Frederick
 37605 | Vaults:2 | Reached skill level 19 in Fighting
 37823 | Vaults:2 | Reached skill level 19 in Necromancy
 38361 | Vaults:3 | Got the Verses on Chthonic Leadership
 38513 | Vaults:3 | HP: 16/192 [something/bolt of lightning (16)]
 38757 | Vaults:3 | Reached skill level 12 in Shields
 38798 | Vaults:3 | Reached XP level 21. HP: 185/200 MP: 33/33
 38858 | Vaults:3 | Reached skill level 20 in Fighting
 38858 | Vaults:3 | Reached skill level 19 in Armour
 39130 | Vaults:3 | Found a shimmering blue altar of Sif Muna.
 39243 | Vaults:3 | Noticed Sojobo
 39243 | Vaults:3 | Paralysed by an air elemental for 1 turns
 39248 | Vaults:3 | Paralysed by an air elemental for 1 turns
 39253 | Vaults:3 | Killed Sojobo
 39403 | Vaults:3 | Noticed Agnes
 39408 | Vaults:3 | Killed Agnes
 39795 | Vaults:4 | Found Horav's Antique Armour Emporium.
 39798 | Vaults:4 | Bought a runed hat for 196 gold pieces
 40034 | Vaults:4 | Found Bats's Weapon Shop.
 40399 | Vaults:4 | Found Tyabbeg's Armour Emporium.
 40498 | Vaults:4 | Reached skill level 21 in Fighting
 40592 | Vaults:4 | Reached skill level 20 in Necromancy
 40755 | Vaults:4 | Found Gaffedod's Weapon Shop.
 41373 | Elf:1    | Entered Level 1 of the Elven Halls
 41461 | Elf:1    | Paralysed by an air elemental for 1 turns
 41525 | Elf:1    | Got the Anthology of Percussion and Summoning
 42483 | Elf:2    | Found Veduyjish's General Store.
 42774 | Elf:2    | Reached skill level 11 in Evocations
 42793 | Elf:2    | Found a runed translucent gate.
 42794 | Elf:2    | Found a runed translucent gate.
 42794 | Elf:2    | Found a runed translucent gate.
 42960 | Elf:2    | Noticed Nikola
 42979 | Elf:2    | Killed Nikola
 43286 | Elf:2    | Reached skill level 20 in Armour
 43440 | Elf:3    | Entered Level 3 of the Elven Halls
 43474 | Elf:3    | Found Qatsi's Antique Armour Boutique.
 43902 | Elf:3    | Reached XP level 22. HP: 208/215 MP: 34/34
 44004 | Elf:3    | Reached skill level 22 in Fighting
 44176 | Elf:3    | Identified the +7 scimitar "Jimeu" {flame, rC+}
 44401 | Elf:3    | Reached skill level 12 in Evocations
 44435 | Elf:3    | Reached skill level 13 in Shields
 44474 | Elf:3    | Reached skill level 9 in Spellcasting
 44528 | Elf:3    | Identified the +6 broad axe of Classification {freeze,
                  | Will+ Str-3 SInv}
 44614 | Elf:3    | Identified the amulet of Eternal Night {Acrobat rN+ rCorr
                  | Int+2 Dex-2}
 44785 | Elf:3    | Got the Book of Incandescent Scree
 44787 | Elf:3    | Identified the +2 scale mail of Linaiz {rCorr}
 44791 | Elf:3    | Identified the +1 pair of gloves of Pragmatism {rF+ rN+}
 44808 | Elf:3    | Identified the +0 leather armour of the Ancient Ziggurats
                  | {-Cast Will+ Str+5}
 44812 | Elf:3    | Identified the staff "Qyseud" {rElec Int+4 Air}
 44918 | Elf:3    | Identified the ring of the Quick God {rN+ rCorr Stlth+}
 45132 | Elf:3    | Bought a pair of glowing boots for 187 gold pieces
 45384 | Depths:1 | Entered Level 1 of the Depths
 45460 | Depths:1 | Identified the +0 scale mail of Daffodils {Harm Str+6 Dex-3
                  | SInv}
 45975 | Depths:1 | Found a gateway to Hell.
 46408 | Depths:2 | Found a burning altar of Makhleb.
 46568 | Depths:2 | Found a one-way gate leading to the halls of Pandemonium.
 46810 | Depths:2 | Reached skill level 21 in Necromancy
 46893 | Depths:2 | You fall into a shaft and drop 1 floor!
 46957 | Depths:2 | Reached skill level 14 in Shields
 47024 | Depths:2 | Reached skill level 23 in Fighting
 47073 | Depths:2 | Reached skill level 10 in Spellcasting
 47089 | Depths:2 | Noticed a dread lich
 47096 | Depths:2 | Killed a dread lich
 47097 | Depths:2 | Noticed a dread lich
 47109 | Depths:2 | Killed a dread lich
 47181 | Depths:2 | Identified the +6 quarterstaff of Discomfort {spect, Dex+4
                  | Stlth+}
 47649 | Depths:3 | Reached skill level 21 in Armour
 47649 | Depths:3 | Reached XP level 23. HP: 226/226 MP: 37/37
 48190 | Depths:3 | Found Riughoka's Jewellery Boutique.
 48758 | Depths:3 | Noticed an ancient lich
 48772 | Depths:3 | Killed an ancient lich
 48807 | Depths:3 | Found a radiant altar of Vehumet.
 48887 | Depths:3 | Identified the +1 leather armour of the Oni {Dex+3}
 48960 | Depths:3 | Identified the +0 chain mail of the Ward {Str+4 Stlth+}
 49533 | Depths:4 | Entered Level 4 of the Depths
 49556 | Depths:4 | Noticed a juggernaut
 49572 | Depths:4 | Killed a juggernaut
 49611 | Depths:4 | Reached skill level 22 in Necromancy
 49842 | Depths:4 | Reached skill level 24 in Fighting
 49878 | Depths:4 | Found a gate to the Realm of Zot.
 49894 | Depths:4 | Reached skill level 22 in Armour
 50105 | Depths:4 | Found a sacrificial altar of Ru.
 50167 | Depths:4 | Found Seukkuufi's Antique Weapon Shop.
 50257 | Depths:4 | Noticed a juggernaut
 50281 | Depths:4 | Killed a juggernaut
 50290 | Depths:4 | Found a one-way gateway to a ziggurat.
 50756 | Depths:4 | Reached XP level 24. HP: 206/239 MP: 37/37
 51442 | Crypt:1  | Entered Level 1 of the Crypt
 51611 | Crypt:1  | Noticed a curse skull
 51616 | Crypt:1  | Killed a curse skull
 51776 | Crypt:1  | Reached skill level 23 in Necromancy
 51869 | Crypt:1  | Noticed a curse skull
 51875 | Crypt:1  | Killed a curse skull
 51879 | Crypt:1  | Noticed an ancient lich
 51889 | Crypt:1  | Killed an ancient lich
 51956 | Crypt:1  | Found the +6 Majin-Bo {spellvamp, MP+6 Int+6}
 52337 | Crypt:2  | Noticed Vv
 52360 | Crypt:2  | Killed Vv
 52683 | Crypt:2  | Reached skill level 25 in Fighting
 52683 | Crypt:2  | Reached skill level 23 in Armour
 52957 | Crypt:3  | Entered Level 3 of the Crypt
 53021 | Crypt:3  | Noticed a curse skull
 53233 | Crypt:3  | Killed a curse skull
 53390 | Crypt:3  | Noticed a curse skull
 53395 | Crypt:3  | Killed a curse skull
 54216 | Crypt:3  | Noticed a curse toe
 54219 | Crypt:3  | Killed a curse toe
 54528 | Crypt:3  | Found a staircase to the Tomb.
 54654 | Crypt:3  | Noticed an ancient lich
 54676 | Crypt:3  | Killed an ancient lich
 54726 | Crypt:3  | Identified the +12 great sword of Watchfulness {vamp, rElec
                  | rN+}
 55094 | D:12     | Killed hattop's ghost
 55221 | D:13     | Killed Fractals's ghost
 55463 | Orc:2    | Gained mutation: You sometimes lose your temper in combat.
                  | [a neqoxec]
 55464 | Orc:2    | Gained mutation: You are frail. (-10% HP) [a neqoxec]
 55470 | Orc:2    | Gained mutation: You are very frail. (-20% HP) [a neqoxec]
 55470 | Orc:2    | Lost mutation: You are very frail. (-20% HP) [a neqoxec]
 55474 | Orc:2    | Killed olddryhag's ghost
 55475 | Orc:2    | Lost mutation: You sometimes lose your temper in combat.
                  | [potion of mutation]
 55475 | Orc:2    | Lost mutation: You are frail. (-10% HP) [potion of
                  | mutation]
 55475 | Orc:2    | Gained mutation: You have a pair of small antennae on your
                  | head. [potion of mutation]
 55475 | Orc:2    | Gained mutation: Your muscles are strong. (Str +4, Int/Dex
                  | -1) [potion of mutation]
 55475 | Orc:2    | Gained mutation: You are partially covered in iridescent
                  | scales. (AC +2) [potion of mutation]
 55475 | Orc:2    | Gained mutation: Your muscles are very strong. (Str +8,
                  | Int/Dex -2) [potion of mutation]
 55910 | Vaults:5 | Entered Level 5 of the Vaults
 55936 | Vaults:4 | Reached skill level 24 in Necromancy
 55957 | Vaults:5 | Noticed an ancient lich
 56032 | Vaults:5 | Killed an ancient lich
 56033 | Vaults:5 | Reached XP level 25. HP: 201/251 MP: 34/37
 56158 | Vaults:5 | Reached skill level 24 in Armour
 56222 | Vaults:5 | Reached skill level 26 in Fighting
 56259 | Vaults:5 | Got the Thoughts on the Telluric Flock
 56449 | Vaults:5 | Found Erroja's Distillery.
 56522 | Vaults:5 | Bought a potion of curing for 39 gold pieces
 56522 | Vaults:5 | Bought a potion of might for 52 gold pieces
 56522 | Vaults:5 | Bought a potion of haste for 130 gold pieces
 56522 | Vaults:5 | Bought a potion of curing for 39 gold pieces
 56540 | Vaults:5 | Found Hablor's Distillery.
 56545 | Vaults:5 | Bought a potion of haste for 180 gold pieces
 56545 | Vaults:5 | Bought a potion of mutation for 144 gold pieces
 56545 | Vaults:5 | Bought a potion of mutation for 144 gold pieces
 56545 | Vaults:5 | Bought a potion of might for 72 gold pieces
 56545 | Vaults:5 | Bought a potion of heal wounds for 90 gold pieces
 56545 | Vaults:5 | Bought a potion of haste for 180 gold pieces
 56565 | Vaults:5 | Found Begrib's Distillery.
 56575 | Vaults:5 | Bought a potion of heal wounds for 75 gold pieces
 56575 | Vaults:5 | Bought a potion of heal wounds for 75 gold pieces
 56575 | Vaults:5 | Bought a potion of magic for 120 gold pieces
 56717 | Vaults:5 | Identified the scarf "Imunk" {repulsion, rPois Int+3}
 56797 | Vaults:5 | Identified the ring of Ytak {Ice rPois Dex-3 Stlth+}
 56847 | Vaults:5 | Identified the +0 plate armour of Tekaddos {rElec rC-
                  | Regen+ Dex-3}
 57051 | Vaults:5 | Found Tahayd's Distillery.
 57051 | Vaults:5 | Found Kamneali's Distillery.
 57058 | Vaults:5 | Bought a potion of heal wounds for 70 gold pieces
 57058 | Vaults:5 | Bought a potion of cancellation for 112 gold pieces
 57058 | Vaults:5 | Bought a potion of haste for 140 gold pieces
 57058 | Vaults:5 | Bought a potion of mutation for 112 gold pieces
 57058 | Vaults:5 | Bought a potion of magic for 112 gold pieces
 57077 | Vaults:5 | Bought a potion of heal wounds for 60 gold pieces
 57077 | Vaults:5 | Bought a potion of mutation for 96 gold pieces
 57084 | Vaults:5 | Found Kimugito's Distillery.
 57089 | Vaults:5 | Bought a potion of cancellation for 168 gold pieces
 57089 | Vaults:5 | Bought 2 potions of invisibility for 336 gold pieces
 57281 | Vaults:5 | Got a silver rune of Zot
 57408 | Vaults:5 | Noticed a dread lich
 57411 | Vaults:5 | Killed a dread lich
 57814 | Zot:1    | Entered Level 1 of the Realm of Zot
 57814 | Zot:1    | Noticed a curse toe
 57814 | Zot:1    | Noticed a curse toe
 57820 | Depths:4 | Killed a curse toe
 57821 | Depths:4 | Reached skill level 25 in Necromancy
 57847 | Zot:1    | Noticed a curse toe
 57866 | Zot:1    | Killed a curse toe
 57868 | Zot:1    | Killed a curse toe
 59028 | Zot:1    | Reached skill level 25 in Armour
 59150 | Zot:1    | Reached skill level 15 in Shields
 59150 | Zot:1    | Reached XP level 26. HP: 261/264 MP: 37/37
 59465 | Zot:1    | Reached skill level 27 in Fighting
 59928 | Zot:2    | Identified the +1 short sword of Discretion {venom, Fly rN+
                  | Dex-5}
 60259 | Zot:2    | Noticed an electric golem
 60274 | Zot:2    | Reached skill level 26 in Necromancy
 60279 | Zot:2    | Killed an electric golem
 60566 | Zot:2    | Noticed an orb of fire
 60569 | Zot:2    | Gained mutation: You do not regenerate when monsters are
                  | visible. [an orb of fire]
 60571 | Zot:2    | Gained mutation: Armour fits poorly on your strangely
                  | shaped body. [an orb of fire]
 60572 | Zot:2    | Gained mutation: Your body sometimes deteriorates upon
                  | taking damage. [an orb of fire]
 60582 | Zot:2    | Gained mutation: You are occasionally teleported next to
                  | monsters. [an orb of fire]
 60594 | Zot:2    | Killed an orb of fire
 60595 | Zot:2    | Lost mutation: Your body sometimes deteriorates upon taking
                  | damage. [potion of mutation]
 60595 | Zot:2    | Lost mutation: Armour fits poorly on your strangely shaped
                  | body. [potion of mutation]
 60595 | Zot:2    | Gained mutation: Your flesh is heat resistant. (rF+)
                  | [potion of mutation]
 60595 | Zot:2    | Gained mutation: Your movements are slightly less
                  | encumbered by armour. (ER -2) [potion of mutation]
 60596 | Zot:2    | Lost mutation: You are occasionally teleported next to
                  | monsters. [potion of mutation]
 60596 | Zot:2    | Lost mutation: Your muscles are very strong. (Str +8,
                  | Int/Dex -2) [potion of mutation]
 60596 | Zot:2    | Gained mutation: You are somewhat resistant to further
                  | mutation. [potion of mutation]
 60597 | Zot:2    | Lost mutation: Your movements are slightly less encumbered
                  | by armour. (ER -2) [potion of mutation]
 60597 | Zot:2    | Lost mutation: You have a pair of small antennae on your
                  | head. [potion of mutation]
 60598 | Zot:2    | Lost mutation: Your flesh is heat resistant. (rF+) [potion
                  | of mutation]
 60598 | Zot:2    | Lost mutation: You do not regenerate when monsters are
                  | visible. [potion of mutation]
 60778 | Zot:2    | Identified the ring "Vopsy" {Ice rN++ Str+3}
 60778 | Zot:2    | Noticed Josephina
 60831 | Zot:2    | Killed Josephina
 61171 | Zot:3    | Reached skill level 26 in Armour
 62092 | Zot:3    | Learned a level 5 spell: Summon Forest
 62101 | Zot:3    | Learned a level 8 spell: Infestation
 62335 | Depths:2 | Learned a level 9 spell: Death's Door
 62724 | Zot:4    | Noticed a curse toe
 62729 | Zot:4    | Killed a curse toe
 62831 | Zot:4    | Noticed a curse toe
 62841 | Zot:4    | Killed a curse toe
 62938 | Zot:4    | Noticed a curse toe
 62942 | Zot:4    | Killed a curse toe
 63399 | Zot:5    | Entered Level 5 of the Realm of Zot
 63550 | Zot:5    | Found a transporter.
 63554 | Zot:5    | Found a transporter.
 63574 | Zot:5    | Found a transporter.
 63582 | Zot:5    | Found a transporter.
 63615 | Zot:5    | Found a transporter.
 63635 | Zot:5    | Reached skill level 19 in Axes
 63635 | Zot:5    | Reached skill level 27 in Necromancy
 63647 | Zot:5    | Reached XP level 27. HP: 253/273 MP: 32/37
 63652 | Zot:5    | Found a transporter.
 63815 | Zot:5    | Found a transporter.
 63831 | Zot:5    | Found a transporter.
 63846 | Zot:5    | Found a transporter.
 63854 | Zot:5    | Found a transporter.
 63872 | Zot:5    | Found a transporter.
 63875 | Zot:5    | Found a transporter.
 64157 | Zot:5    | Noticed an electric golem
 64189 | Zot:5    | Found a transporter.
 64198 | Zot:5    | Found a transporter.
 64213 | Zot:5    | Found a transporter.
 64220 | Zot:5    | Found a transporter.
 64220 | Zot:5    | Found a transporter.
 64239 | Zot:5    | Found a transporter.
 64475 | Zot:5    | Noticed a dread lich
 64485 | Zot:5    | Killed a dread lich
 64486 | Zot:5    | Reached skill level 27 in Armour
 64491 | Zot:5    | Noticed an orb of fire
 64602 | Zot:4    | Killed an orb of fire
 64606 | Zot:5    | Reached skill level 20 in Axes
 64743 | Zot:5    | Found a transporter.
 64868 | Zot:5    | Found a transporter.
 64883 | Zot:5    | Found a transporter.
 64888 | Zot:5    | Found a transporter.
 64898 | Zot:5    | Found a transporter.
 64901 | Zot:5    | Found a transporter.
 65185 | Zot:5    | Noticed an orb of fire
 65186 | Zot:5    | Noticed an orb of fire
 65426 | Zot:4    | Killed an orb of fire
 65427 | Zot:4    | Reached skill level 21 in Axes
 65449 | Zot:4    | Killed an orb of fire
 65452 | Zot:5    | Noticed an ancient lich
 65469 | Zot:5    | Killed an ancient lich
 65481 | Zot:5    | Noticed a curse toe
 65491 | Zot:5    | Killed a curse toe
 65492 | Zot:5    | Reached skill level 22 in Axes
 65520 | Zot:5    | Found a transporter.
 65523 | Zot:5    | Found a transporter.
 65531 | Zot:5    | Noticed an ancient lich
 65534 | Zot:5    | Noticed an ancient lich
 65534 | Zot:5    | Noticed a curse toe
 65540 | Zot:5    | Killed an ancient lich
 65622 | Zot:4    | Killed an ancient lich
 65647 | Zot:5    | Killed a curse toe
 65719 | Zot:5    | Found a transporter.
 65729 | Zot:5    | Found a transporter.
 65737 | Zot:5    | Found a transporter.
 65740 | Zot:5    | Found a transporter.
 66748 | Zot:5    | Noticed an ancient lich
 66751 | Zot:5    | Noticed an electric golem
 66759 | Zot:5    | Killed an ancient lich
 66778 | Zot:5    | Killed an electric golem
 66810 | Zot:5    | Killed an electric golem
 66811 | Zot:5    | Reached skill level 23 in Axes
 67113 | Zot:5    | Got the Orb of Zot
 67419 | Depths:1 | Noticed Gaoloeg the pandemonium lord
 67973 | D:$      | Escaped with the Orb!

Vanquished Creatures
  4 dread liches
  4 orbs of fire
  8 ancient liches
  2 juggernauts (Depths:4)
  Josephina (Zot:2)
  Sojobo (Vaults:3)
  3 Killer Klowns (Zot:5)
  8 curse toes
  Nikola (Elf:2)
  6 golden dragons
  A Tzitzimitl (Depths:1)
  A Brimstone Fiend (Depths:2)
  3 electric golems
  23 Orb Guardians
  Jorgrun (D:9)
  18 tentacled monstrosities
  9 liches
  A shard shrike skeleton (Crypt:1)
  9 quicksilver dragons
  5 sphinxes
  A tentacled starspawn (Abyss:1)
  2 deep elf blademasters (Elf:3)
  2 deep elf master archers (Elf:3)
  6 titans
  5 death cobs
  The ghost of Mungiw the Peltast, an adept MiBe of Trog (Shoals:3)
  3 Executioners (Depths:4)
  A kraken (Shoals:4)
  8 ancient champions
  12 shadow dragons
  12 storm dragons
  Gastronok (D:8)
  9 draconian monks
  7 tengu reavers
  4 draconian knights
  8 protean progenitors
  10 fire giants
  3 draconian shifters
  5 frost giants
  16 vault wardens
  4 deep elf sorcerers
  4 revenants (Crypt:1)
  5 balrugs
  5 deep elf elementalists (Elf:3)
  2 emperor scorpions
  3 iron dragons (Depths:2)
  The ghost of Fractals the Wallflower, a journeyman MiFi of Uskayaw (D:13)
  A caustic shrike zombie (Depths:2)
  8 ghost moths
  An angel (Depths:4)
  A juggernaut zombie (Depths:2)
  4 curse skulls
  2 reapers
  9 draconian annihilators
  9 stone giants
  17 ironbound preservers
  12 draconian scorchers
  3 orc warlords
  3 draconian stormcallers
  22 very ugly things
  2 broodmothers (Zot:1)
  3 caustic shrike skeletons (Crypt:3)
  5 vampire knights
  8 green draconians
  The ghost of olddryhag the Basher, a journeyman MDMo of Uskayaw (Orc:2)
  8 ironbound thunderhulks
  6 deep elf death magi
  9 deep elf annihilators
  A lorocyproca (D:10)
  6 spark wasps
  8 deep elf demonologists
  12 white draconians
  7 yellow draconians
  12 black draconians
  10 purple draconians
  13 red draconians
  2 dire elephants
  An eidolon (Crypt:3)
  A war gargoyle (Vaults:3)
  2 minotaurs (Shoals:4)
  5 statues (Depths:3)
  5 blizzard demons
  5 fire dragons
  2 crystal guardians
  A spectral kraken (Shoals:3)
  Fannar (D:11)
  11 yaktaur captains
  3 ettins
  8 jiangshi
  3 deep elf high priests
  A spriggan zombie (Depths:2)
  10 great orbs of eyes
  6 entropy weavers
  2 merfolk impalers
  A quicksilver dragon skeleton (Crypt:3)
  5 ice dragons
  A hell beast (Zot:3)
  7 rakshasas
  6 spriggan air magi
  4 hydras
  2 ogre magi
  2 radroaches
  2 catoblepae (Lair:5)
  A peacekeeper (Vaults:3)
  2 alligators (Zot:2)
  4 salamander tyrants (Depths:3)
  A spriggan skeleton (Crypt:3)
  27 vault guards
  2 jorogumos (Spider:4)
  10 centaur warriors
  9 ironbound frosthearts
  2 merfolk aquamancers
  2 merfolk avatars (Shoals:4)
  22 dancing weapons
  Erica (Orc:1)
  5 boulder beetles
  2 deep troll shamans
  9 two-headed ogres
  An alligator snapping turtle (Shoals:2)
  9 satyrs
  3 death scarabs (Spider:4)
  An occultist (Depths:3)
  2 sphinx skeletons
  A soul eater (Crypt:1)
  12 demonic crawlers
  13 deep troll earth magi
  An orc high priest (Orc:2)
  3 thrashing horrors
  5 death yaks (Lair:5)
  3 hell knights
  8 vampire magi
  18 deep elf knights
  Nergalle (D:10)
  4 sun demons
  The ghost of hattop the Grappler, a novice DrSh of Beogh (D:12)
  4 titan skeletons (Crypt:3)
  Lodul (D:10)
  19 skeletal warriors
  A spark wasp zombie (Crypt:2)
  3 pharaoh ants
  5 skysharks
  2 sixfirhies
  3 iron trolls
  3 storm dragon skeletons
  11 arcanists
  2 shadow wraiths
  6 flayed ghosts
  A shadow demon (Depths:2)
  A sea snake (shapeshifter) (Vaults:5)
  A sea snake (Shoals:2)
  A shadow dragon zombie (Crypt:2)
  A spriggan rider (D:12)
  A death drake (Depths:4)
  5 glowing orange brains
  A golden dragon zombie (Crypt:1)
  49 deep trolls
  An orb spider (Spider:1)
  3 orange crystal statues
  13 deep elf archers
  3 lindwurms (Zot:4)
  5 steelbarb worms
  A golden dragon skeleton (Crypt:1)
  A thermic dynamo (Elf:2)
  6 harpies
  14 ironbound convokers
  An iron giant skeleton (Crypt:3)
  10 necromancers
  9 phantasmal warriors
  16 deep elf zephyrmancers
  12 orc knights
  A jorogumo zombie (Crypt:1)
  13 wolf spiders
  A wolf spider zombie (Spider:4)
  23 deep elf pyromancers
  2 shadow dragon skeletons (Depths:2)
  8 large abominations
  A spectral wolf spider (Spider:4)
  3 orc sorcerers
  11 cyclopes
  29 ugly things
  9 fauns
  7 manticores
  A worldbinder (D:13)
  Maurice (D:11)
  22 moths of wrath
  3 elephants (Lair:4)
  4 meliai
  14 vault sentinels
  A stone giant skeleton (Crypt:3)
  A black mamba (shapeshifter) (D:14)
  6 black mambas
  2 water nymphs
  A fire giant skeleton (Depths:2)
  4 merfolk sirens
  A rust devil (Depths:2)
  A hellion (Depths:4)
  4 smoke demons
  2 dire elephant skeletons (Crypt:3)
  An orange demon (Depths:3)
  A centaur skeleton (Crypt:3)
  2 gargoyles
  A rime drake (D:8)
  2 cane toads
  6 torpor snails
  3 spectral sea snakes (Shoals:3)
  2 kobold demonologists (D:13)
  An unseen horror (D:10)
  8 komodo dragons
  18 yaktaurs
  3 tengu conjurers (Depths:3)
  3 efreet
  3 freezing wraiths
  An alligator snapping turtle skeleton (Crypt:3)
  3 spectral redbacks (Spider:4)
  Psyche (D:11)
  An ancient zyme (Abyss:1)
  A merfolk (shapeshifter) (Vaults:5)
  A golden dragon simulacrum (Zot:2)
  4 wind drakes
  A hellwing (Depths:1)
  19 merfolk
  A queen bee (shapeshifter) (Vaults:5)
  5 trolls
  3 tyrant leeches
  12 tarantellas
  2 spectral jumping spiders (Spider:4)
  A spectral culicivora (Spider:4)
  3 glass eyes
  5 snapping turtles
  2 polar bears (Lair:5)
  2 dream sheep (Shoals:2)
  A harpy skeleton (Crypt:3)
  A satyr zombie (Crypt:2)
  A hydra skeleton (Crypt:3)
  3 blink frogs
  4 tarantella zombies (Spider:4)
  20 slime creatures
  An air elemental (Elf:1)
  2 ettin skeletons
  12 culicivoras
  A yak (shapeshifter) (D:14)
  A spriggan (D:12)
  7 jumping spiders
  5 wraiths
  A ynoxinul (Zot:4)
  2 fire bats (Shoals:2)
  8 water elementals
  A wyvern (D:7)
  2 starcursed masses (Abyss:1)
  48 yaks
  A vampire (D:13)
  3 hogs (Spider:1)
  A wind drake zombie (Crypt:2)
  2 fire elementals
  7 wargs
  4 basilisks
  17 humans (D:13)
  A redback (shapeshifter) (Depths:4)
  A steam dragon (D:9)
  2 golden eyes (Abyss:1)
  40 redbacks
  4 neqoxecs (Orc:2)
  2 vampire mosquitoes (D:12)
  2 chaos spawn
  7 small abominations
  A wind drake skeleton (Crypt:1)
  3 swamp worms (D:13)
  13 water moccasins
  2 spectral snapping turtles (Shoals:3)
  An acid dragon (D:9)
  3 hell hounds (Abyss:1)
  2 moth of wrath simulacra (Zot:2)
  A swamp drake (D:9)
  32 orc warriors
  2 naga skeletons (Crypt:3)
  A black bear (D:5)
  An ice beast (D:6)
  16 laughing skulls
  A spriggan simulacrum (Depths:2)
  A blink frog zombie (Crypt:1)
  10 ogres
  18 wolves
  A dream sheep skeleton (Crypt:2)
  3 centaurs
  A phantom (D:5)
  A weeping skull (D:6)
  2 elf zombies (Ossuary)
  A kobold brigand (D:9)
  12 bullfrogs
  2 earth elementals
  3 scorpions
  A burial acolyte (Ossuary)
  36 wights
  4 killer bees
  5 electric eels
  A bombardier beetle (D:4)
  5 howler monkeys
  3 crimson imps (D:11)
  A human zombie (Ossuary)
  3 quasits (Orc:2)
  3 hounds
  2 jellies
  A basilisk zombie (Crypt:3)
  A bullfrog skeleton (Crypt:1)
  16 orc priests
  2 basilisk skeletons
  3 sleepcaps
  6 iguanas
  28 orc wizards
  2 killer bee zombies (Crypt:3)
  A crocodile zombie (Ossuary)
  An ice beast zombie (Crypt:1)
  2 hound zombies (Ossuary)
  A deep dwarf skeleton (Crypt:3)
  3 mummies (Ossuary)
  Robin (D:3)
  A gnoll (D:10)
  3 river rats (Sewer)
  11 adders
  A shadow imp (D:7)
  3 white imps (D:11)
  2 ufetubi (Abyss:1)
  2 adder skeletons (Crypt:3)
  3 adder zombies (Ossuary)
  4 dart slugs
  2 ribbon worms
  62 orcs
  9 ball pythons
  A bat skeleton (Crypt:1)
  3 endoplasms
  2 giant cockroaches
  A gnoll zombie (Ossuary)
  11 goblins
  11 hobgoblins
  3 jackals (D:1)
  2 quokkas
  2 ball python zombies (Ossuary)
  7 bats
  A frilled lizard (D:2)
  A jackal skeleton (Crypt:2)
  3 jackal zombies (Ossuary)
  17 kobolds
  4 kobold zombies (Ossuary)
  3 orc zombies (Ossuary)
  5 rats
  A spectral orc (D:6)
  4 aspiring fleshes
  3 spectral weapons (Zot:5)
  5 tentacles
1924 creatures vanquished.

Vanquished Creatures (collateral kills)
  Frederick (Vaults:2)
  Vv (Crypt:2)
  A curse toe (Zot:4)
  3 golden dragons
  Arachne (Spider:2)
  4 Orb Guardians
  4 tentacled monstrosities
  2 quicksilver dragons
  A titan (Vaults:5)
  2 sphinxes (Vaults:5)
  Agnes (Vaults:3)
  3 death cobs
  A storm dragon (Zot:4)
  A tengu reaver (Vaults:5)
  Kirke (Spider:1)
  Aizul (Spider:2)
  Donald (Spider:4)
  5 draconian monks
  2 draconian knights
  2 protean progenitors (Zot:4)
  An emperor scorpion (Spider:4)
  4 draconian shifters
  2 ghost moths
  3 fire giants
  2 draconian scorchers
  2 spriggan defenders (Depths:4)
  A draconian stormcaller (Zot:4)
  4 ironbound preservers
  5 very ugly things
  4 stone giants
  3 green draconians
  A deep elf demonologist (Depths:3)
  A deep elf annihilator (Depths:3)
  An ironbound thunderhulk (Vaults:3)
  A yellow draconian (Zot:3)
  A deep elf death mage (Vaults:1)
  5 white draconians
  5 purple draconians
  4 red draconians
  A minotaur (Shoals:4)
  A war gargoyle (Vaults:5)
  3 dire elephants
  A statue (Depths:3)
  An ettin (Vaults:5)
  A crystal guardian (Vaults:2)
  2 entropy weavers
  A merfolk impaler (Shoals:4)
  2 great orbs of eyes (Vaults:4)
  5 fire dragons
  3 ice dragons
  A spriggan air mage (Depths:1)
  3 hydras
  5 yaktaur captains
  The ghost of ezpacito the Chopper, a journeyman CoCK of Xom (D:9)
  2 jorogumos (Spider:4)
  4 vault guards (Vaults:5)
  An ironbound frostheart (Vaults:4)
  A peacekeeper (Vaults:2)
  A catoblepas (Lair:5)
  3 merfolk avatars (Shoals:2)
  A centaur warrior (Shoals:2)
  6 two-headed ogres
  3 dancing weapons (Elf:2)
  2 merfolk aquamancers
  2 boulder beetles
  A deep troll shaman (Depths:3)
  2 satyrs (Zot:1)
  2 death scarabs (Spider:4)
  A deep troll earth mage (Depths:2)
  2 death yaks (Lair:5)
  A tengu warrior (Depths:1)
  An iron troll (Depths:4)
  A deep elf knight (Elf:1)
  A fire crab (Shoals:2)
  A hell knight (Depths:2)
  3 skysharks
  A skeletal warrior (D:15)
  4 orb spiders
  13 deep trolls
  2 death drakes (Depths:4)
  7 sea snakes
  A glowing orange brain (Vaults:4)
  3 arcanists
  A deep elf archer (Elf:3)
  A phantasmal warrior (Vaults:5)
  3 steelbarb worms
  A necromancer (Depths:2)
  5 ironbound convokers
  4 orc knights
  A spectral wolf spider (Spider:4)
  5 deep elf pyromancers
  4 harpies
  A fire giant zombie (Depths:3)
  4 deep elf zephyrmancers
  10 ugly things
  7 manticores
  6 wolf spiders
  3 meliai (Zot:4)
  7 fauns
  6 elephants
  12 moths of wrath
  A merfolk siren (Shoals:2)
  A vault sentinel (Vaults:4)
  A black mamba (Lair:3)
  3 cane toads
  2 torpor snails
  4 water nymphs
  6 komodo dragons
  6 yaktaurs
  An iron troll zombie (Depths:3)
  A freezing wraith (D:15)
  11 merfolk
  3 wind drakes
  A hellwing (Depths:1)
  A spectral jumping spider (Spider:4)
  6 tarantellas
  4 blink frogs
  4 snapping turtles
  A dream sheep (shapeshifter) (Vaults:5)
  A hornet (Depths:4)
  A jumping spider zombie (Spider:4)
  7 slime creatures
  5 jumping spiders
  2 deep troll zombies (Depths:3)
  7 water elementals
  3 culicivoras
  A spriggan (Depths:4)
  A wyvern (D:9)
  Grum (D:10)
  A warg (Orc:2)
  A hog (Spider:1)
  A human (D:13)
  16 yaks
  13 redbacks
  2 vampire mosquitoes (D:12)
  4 water moccasins
  5 orc warriors
  2 ogres (D:10)
  4 wolves
  3 kobold brigands
  2 bullfrogs (Lair:4)
  2 electric eels
  2 howler monkeys
  2 hounds (D:8)
  A gnoll bouda (D:10)
  An orc wizard (Depths:3)
  3 gnolls (D:10)
  8 orcs
  2 endoplasms (D:1)
  A goblin (D:1)
  A hobgoblin (D:1)
  2 kobolds
  2 aspiring fleshes (Zot:4)
  A spectral weapon (Depths:4)
  A tentacle (Shoals:4)
442 creatures vanquished.

Vanquished Creatures (others)
  A fire giant (Depths:1)
  A draconian shifter (Zot:1)
  A draconian scorcher (Zot:1)
  2 red draconians
  4 very ugly thing zombies
  2 sphinx zombies (Vaults:5)
  A dancing weapon (Elf:2)
  2 titan zombies (Vaults:5)
  An occultist (Depths:3)
  A deep troll earth mage (Depths:2)
  A storm dragon zombie (Zot:3)
  A deep elf knight (Elf:2)
  A golden dragon zombie (Zot:2)
  2 shadow dragon zombies
  An ironbound convoker (Vaults:3)
  7 deep elf zephyrmancers
  A jorogumo zombie (Spider:4)
  2 fire giant zombies
  3 stone giant zombies
  3 wolf spider zombies
  2 broodmother zombies (Zot:1)
  11 ugly thing zombies
  13 draconian zombies
  3 frost giant zombies
  2 white draconian zombies
  7 yaktaur zombies
  6 red draconian zombies
  A spriggan zombie (Depths:1)
  A purple draconian zombie (Zot:1)
  4 black draconian zombies
  A yellow draconian zombie (Zot:2)
  An unseen horror (D:12)
  5 redback zombies
  3 sea snake zombies (Shoals:4)
  3 green draconian zombies
  2 demonic crawler zombies (Spider:4)
  5 harpy zombies
  A great orb of eyes zombie (D:15)
  A spectral tarantella (Spider:4)
  3 moth of wrath zombies
  2 culicivora zombies (Spider:4)
  2 jumping spider zombies (Spider:2)
  4 ice dragon zombies
  A boulder beetle zombie (Spider:4)
  4 satyr zombies
  An ettin zombie (Vaults:5)
  A tarantella zombie (Spider:4)
  2 black mamba zombies (Lair:5)
  3 slime creature zombies (D:12)
  2 wind drake zombies
  32 elf zombies
  2 humans (Spider:1)
  A hog (Spider:1)
  A skyshark zombie (Shoals:3)
  13 deep troll zombies
  5 faun zombies
  3 two-headed ogre zombies (Vaults:5)
  A water nymph zombie (D:15)
  A cane toad zombie (Lair:5)
  2 entropy weaver zombies
  A moth of wrath simulacrum (Zot:2)
  7 merfolk zombies
  4 manticore zombies
  An elephant zombie (Lair:5)
  A snapping turtle zombie (Shoals:3)
  A centaur (D:9)
  A komodo dragon zombie (Lair:5)
  A warg zombie (Orc:2)
  3 water moccasin zombies
  A cyclops zombie (Shoals:4)
  4 tengu zombies
  20 yak zombies
  3 centaur zombies
  3 bullfrog zombies
  39 human zombies
  An orc wizard (Orc:2)
  10 ogre zombies
  44 orc zombies
  2 starspawn tentacles (Abyss:1)
  9 tentacles
352 creatures vanquished.

Grand Total: 2718 creatures vanquished

Table legend: (Time is in decaauts)
 A = Elapsed time spent in this place.
 B = Non-inter-level travel time spent in this place.
 C = Inter-level travel time spent in this place.
 D = Time resting spent in this place.
 E = Time spent auto-exploring this place.
 F = Levels seen in this place.
 G = Mean time per level.
                   A        B        C        D        E       F      G
               +--------+--------+--------+--------+--------+-----+--------+
         Total |  67209 |  59993 |   7216 |   7397 |  32656 |  56 | 1200.2 |
       Dungeon |  17696 |  14802 |   2894 |   1180 |   9271 |  15 | 1179.7 |
        Temple |     10 |      5 |      5 |      0 |      0 |   1 |   10.0 |
          Lair |   4977 |   4574 |    403 |    251 |   3146 |   5 |  995.4 |
        Shoals |   4144 |   3968 |    176 |    620 |   1839 |   4 | 1036.0 |
   Spider Nest |   5818 |   4777 |   1041 |   1048 |   2306 |   4 | 1454.5 |
  Orcish Mines |   2977 |   2769 |    208 |    615 |   1082 |   2 | 1488.5 |
   Elven Halls |   3742 |   3539 |    203 |    422 |   1967 |   3 | 1247.3 |
        Vaults |   7236 |   6321 |    915 |    130 |   3630 |   5 | 1447.2 |
         Crypt |   3440 |   3274 |    166 |    305 |   2034 |   3 | 1146.7 |
        Depths |   7152 |   6265 |    887 |   1335 |   2714 |   4 | 1788.0 |
           Zot |   8278 |   7963 |    315 |   1307 |   4163 |   5 | 1655.6 |
         Abyss |    771 |    771 |      0 |    182 |    284 |   1 |  771.0 |
         Trove |     80 |     80 |      0 |      0 |      0 |   1 |   80.0 |
         Sewer |    257 |    257 |      0 |      0 |    153 |   1 |  257.0 |
       Ossuary |    305 |    305 |      0 |      0 |      0 |   1 |  305.0 |
        Wizlab |    317 |    317 |      0 |      0 |     64 |   1 |  317.0 |
               +--------+--------+--------+--------+--------+-----+--------+

Top non-repeatable levels by time:
   Zot:5: 3156 daAuts
Depths:4: 2481 daAuts
Spider:4: 2111 daAuts
    D:13: 2065 daAuts
Depths:3: 2053 daAuts
   Orc:2: 1964 daAuts
Shoals:3: 1953 daAuts
Spider:3: 1840 daAuts
    D:12: 1823 daAuts
    D:10: 1758 daAuts
Depths:2: 1699 daAuts
   Elf:3: 1687 daAuts
 Crypt:3: 1594 daAuts
Vaults:4: 1563 daAuts
     D:9: 1558 daAuts

Table legend:
 A = Non-vault XP
 B = Vault XP
 C = Vault XP percentage of total XP
 D = Non-vault monster count
 E = Vault monster count
 F = Vault count percentage of total count
                 A         B        C        D         E       F
            +---------+---------+-------+---------+---------+-------
      Total |  759056 |  770932 |  50.4 |    1366 |     977 |  41.7
            +---------+---------+-------+---------+---------+-------
        D:1 |      54 |       9 |  14.3 |      30 |       5 |  14.3
        D:2 |      79 |       0 |   0.0 |      16 |       0 |   0.0
        D:3 |      25 |      32 |  56.1 |       9 |       9 |  50.0
        D:4 |     201 |       5 |   2.4 |       9 |       1 |  10.0
        D:5 |     786 |       0 |   0.0 |      12 |       0 |   0.0
        D:6 |    2037 |     101 |   4.7 |      18 |       2 |  10.0
        D:7 |    2277 |      84 |   3.6 |      25 |       2 |   7.4
        D:8 |    1867 |    2624 |  58.4 |      19 |      11 |  36.7
        D:9 |    2383 |    4817 |  66.9 |      14 |      32 |  69.6
       D:10 |    3053 |    3526 |  53.6 |      20 |      14 |  41.2
       D:11 |    2407 |    1911 |  44.3 |       9 |       9 |  50.0
       D:12 |    2671 |   10080 |  79.1 |      12 |      21 |  63.6
       D:13 |    8172 |   16150 |  66.4 |      20 |      39 |  66.1
       D:14 |    7446 |       0 |   0.0 |      16 |       0 |   0.0
       D:15 |   11738 |    3409 |  22.5 |      23 |       4 |  14.8
     Lair:1 |    3266 |     911 |  21.8 |      19 |       5 |  20.8
     Lair:2 |    4504 |     721 |  13.8 |      17 |       4 |  19.0
     Lair:3 |    2237 |       0 |   0.0 |      11 |       0 |   0.0
     Lair:4 |    3024 |    5100 |  62.8 |      14 |       9 |  39.1
     Lair:5 |   17728 |   11440 |  39.2 |      57 |      23 |  28.8
   Shoals:1 |   10867 |       0 |   0.0 |      20 |       0 |   0.0
   Shoals:2 |    9528 |    4102 |  30.1 |      23 |       9 |  28.1
   Shoals:3 |   12569 |   11046 |  46.8 |      26 |      23 |  46.9
   Shoals:4 |   13464 |   21003 |  60.9 |      29 |      30 |  50.8
   Spider:1 |   10923 |    2229 |  16.9 |      33 |       6 |  15.4
   Spider:2 |   17830 |    3514 |  16.5 |      44 |       2 |   4.3
   Spider:3 |   22003 |       0 |   0.0 |      49 |       0 |   0.0
   Spider:4 |   15701 |   24358 |  60.8 |      27 |      49 |  64.5
      Orc:1 |    2533 |    5030 |  66.5 |      33 |      18 |  35.3
      Orc:2 |    1908 |   10686 |  84.8 |      36 |      43 |  54.4
      Elf:1 |   10287 |   11350 |  52.5 |      17 |      18 |  51.4
      Elf:2 |    9261 |   22730 |  71.1 |      14 |      29 |  67.4
      Elf:3 |   20131 |   27822 |  58.0 |      35 |      24 |  40.7
   Vaults:1 |   31630 |   25538 |  44.7 |      47 |      32 |  40.5
   Vaults:2 |   28303 |   37211 |  56.8 |      39 |      39 |  50.0
   Vaults:3 |   20876 |   15095 |  42.0 |      27 |      13 |  32.5
   Vaults:4 |   27554 |   20958 |  43.2 |      37 |      26 |  41.3
   Vaults:5 |   23526 |  110354 |  82.4 |      37 |      94 |  71.8
    Crypt:1 |   25918 |    9356 |  26.5 |      40 |       8 |  16.7
    Crypt:2 |   20870 |    3315 |  13.7 |      33 |       1 |   2.9
    Crypt:3 |   14563 |   38419 |  72.5 |      24 |      58 |  70.7
   Depths:1 |   17390 |    9554 |  35.5 |      16 |      10 |  38.5
   Depths:2 |   17921 |   42935 |  70.6 |      22 |      37 |  62.7
   Depths:3 |   24978 |   35403 |  58.6 |      31 |      36 |  53.7
   Depths:4 |   45593 |   71809 |  61.2 |      44 |      61 |  58.1
      Zot:1 |   46015 |   22946 |  33.3 |      45 |      19 |  29.7
      Zot:2 |   37866 |   18616 |  33.0 |      27 |      16 |  37.2
      Zot:3 |   25330 |       0 |   0.0 |      22 |       0 |   0.0
      Zot:4 |   51258 |   33601 |  39.6 |      42 |      14 |  25.0
      Zot:5 |   52061 |   69492 |  57.2 |      45 |      31 |  40.8
    Abyss:1 |   14444 |       0 |   0.0 |      32 |       0 |   0.0
      Sewer |       0 |     103 | 100.0 |       0 |      14 | 100.0
    Ossuary |       0 |     474 | 100.0 |       0 |      26 | 100.0
     WizLab |       0 |     963 | 100.0 |       0 |       1 | 100.0
            +---------+---------+-------+---------+---------+-------
